 Dungeon Crawl Stone Soup version 0.31-a0-175-g9f7f995f2b (webtiles) character file.

Game seed: 16334108658157865509

352 qw the Trooper (level 6, -8/40 HPs)
             Began as a Gargoyle Fighter on June 17, 2023.
             Mangled by an ogre
             ... wielding a +0 giant club
              (17 damage)
             ... on level 4 of the Dungeon.
             The game lasted 00:01:25 (3018 turns).

qw the Trooper (Gargoyle Fighter)                   Turns: 3018, Time: 00:01:25

Health: -8/40      AC: 13    Str: 21    XL:     6   Next: 61%
Magic:  6/6        EV:  9    Int:  9    God:
Gold:   190        SH:  4    Dex:  9    Spells: 5/5 levels left

rFire   . . .        Y - +0 war axe (heavy)
rCold   . . .        c - +0 buckler
rNeg    + + .        b - +0 scale mail
rPois   inf          l - +1 helmet
rElec   +            (no cloak)
rCorr   .            (no gloves)
SInv    .            (no boots)
Will    .....        (no amulet) Stlth
                     p - ring of positive energy
HPRegen 0.26/turn    (no ring)
MPRegen 0.10/turn

%: no passive effects
@: about to teleport
A: sickness immunity, AC +4, negative energy resistance 1, electricity
resistance, torment resistance 1, petrification resistance
a: no special abilities


You were on level 4 of the Dungeon.
You visited 1 branch of the dungeon, and saw 4 of its levels.

You collected 190 gold pieces.


Innate Abilities, Weirdness & Mutations

You are immune to sickness and miasma.
Your stone body is resilient. (AC +4)
You are immune to poison.
You resist negative energy. (rN+)
You are resistant to electric shocks. (rElec)
You are resistant to unholy torment.
You are immune to petrification.


   Skills:
 - Level 5.1 Fighting
 - Level 5.0 Axes
 - Level 3.2 Armour
 + Level 0.9 Dodging
 - Level 3.2 Shields


You had 5 spell levels left.
You didn't know any spells.
Your spell library was empty.

Inventory:

Hand Weapons
 e - a +1 flail of holy wrath
 Y - a +0 heavy war axe (weapon)
Armour
 b - a +0 scale mail (worn)
 c - a +0 buckler (worn)
 l - a +1 helmet (worn)
Jewellery
 f - a ring of ice
 p - a ring of positive energy (left hand)
Scrolls
 a - 2 scrolls of identify
Potions
 d - a potion of might
 h - a potion of attraction
 i - a potion of enlightenment
 m - a potion of curing
 o - a potion of haste

Dungeon Overview and Level Annotations

Branches:
Dungeon (4/15)
 Temple: D:4-7

Altars:
Hepliaklqana


Message History

A kobold comes into view. It is wielding a +0 dagger.
The kobold shouts!
The kobold throws a stone.
The stone hits you but does no damage.
2949 ||| Stepping ~*~*~tactically~*~*~ (hiding).
You start waiting.
A kobold is nearby!
The kobold throws a stone.
The stone closely misses you.
The kobold throws a stone.
The stone barely misses you.
A hobgoblin comes into view.
The kobold throws a stone.
The stone closely misses you.
You slice the kobold!!
You kill the kobold!
The hobgoblin shouts!
You closely miss the hobgoblin. You block the hobgoblin's attack.
The hobgoblin closely misses you.
You hit the hobgoblin.
You kill the hobgoblin!
Found 4 stones.
You hear the slow hiss of an avalanche of sand nearby.
You now have 177 gold pieces (gained 16).
You now have 190 gold pieces (gained 13).
An ogre comes into view. It is wielding a +0 giant club.
The ogre shouts!
Enter note:
Enter note: You closely miss the ogre.
You hear the slow hiss of an avalanche of sand nearby.
The ogre hits you with a +0 giant club!
You barely miss the ogre. The ogre closely misses you.
The ogre completely misses you.
You slash the ogre!
The ogre is heavily wounded.
The ogre hits you with a +0 giant club!!
Ouch! That really hurt!
3018 ||| READING scroll of teleportation.
As you read the scroll of teleportation, it crumbles to dust.
You feel strangely unstable.
A dart slug comes into view.
The ogre hits you with a +0 giant club!
You die...

......... .........
.....w. .#.....##
.!.... ##......##
##.....
##.......##.##.....
....##......##....###
....##..............#
.............#..O..#
....####.....###@###
......#..###.##....#
....#....#........##
#####...........###
#......#.####
####.##### ###


You could see an ogre and a dart slug (wandering).

Vanquished Creatures
  Sigmund (D:2)
  A scorpion (D:2)
  Jessica (D:2)
  Robin (D:2)
  2 adders
  3 dart slugs
  6 ball pythons
  7 bats
  4 endoplasms
  2 giant cockroaches
  12 goblins
  11 hobgoblins
  3 jackals (D:2)
  4 quokkas
  3 frilled lizards
  9 kobolds
  4 rats
74 creatures vanquished.

Notes
Turn   | Place    | Note
-------+----------+-------------------------------------------
     0 | D:1      | qw the Gargoyle Fighter began the quest for the Orb.
     0 | D:1      | Reached XP level 1. HP: 14/14 MP: 1/1
     0 | D:1      | 0 ||| qw: Version: 0.3-a-2-g5ab2908
     0 | D:1      | 0 ||| qw: Game counter: 223
     0 | D:1      | 0 ||| qw: Always use a shield: true
     0 | D:1      | 0 ||| qw: God list: Okawaru
     0 | D:1      | 0 ||| qw: Allow faded altars: false
     0 | D:1      | 0 ||| qw: Do Orc after D:15 true
     0 | D:1      | 0 ||| qw: Do second Lair branch before Depths: true
     0 | D:1      | 0 ||| qw: Lair rune preference: random
     0 | D:1      | 0 ||| qw: Plans: Normal, Zot:1-4, Slime:5, God:TSO, Crypt,
                  | Tomb, Abyss, Pan, Hells, Win
     0 | D:1      | 0 ||| PLANNING D:1-11
    29 | D:1      | 29 ||| Stepping ~*~*~tactically~*~*~ (hiding).
   149 | D:1      | 149 ||| Stepping ~*~*~tactically~*~*~ (hiding).
   150 | D:1      | 150 ||| Stepping ~*~*~tactically~*~*~ (hiding).
   151 | D:1      | 151 ||| Stepping ~*~*~tactically~*~*~ (hiding).
   158 | D:1      | Reached XP level 2. HP: 19/19 MP: 2/2
   296 | D:1      | HP: 4/19 [frozen (2)]
   620 | D:1      | 620 ||| DROPPING +0 club.
   645 | D:1      | Reached skill level 3 in Axes
   850 | D:1      | Reached XP level 3. HP: 18/23 MP: 3/3
  1008 | D:1      | 1008 ||| READING scroll labelled KERREX EQUCKI.
  1009 | D:1      | 1009 ||| READING scroll labelled PAMATH UTIH.
  1010 | D:1      | 1010 ||| READING scroll labelled ASIRCH GIHUUF.
  1014 | D:1      | 1014 ||| READING scroll labelled ZIECRA YPHAHO.
  1092 | D:2      | 1092 ||| Stepping ~*~*~tactically~*~*~ (stealth).
  1093 | D:2      | 1093 ||| Stepping ~*~*~tactically~*~*~ (stealth).
  1310 | D:2      | Noticed Robin
  1318 | D:2      | Reached XP level 4. HP: 24/28 MP: 4/4
  1324 | D:2      | Killed Robin
  1432 | D:2      | 1432 ||| Stepping ~*~*~tactically~*~*~ (stealth).
  1488 | D:2      | Noticed Jessica
  1489 | D:2      | 1489 ||| Stepping ~*~*~tactically~*~*~ (hiding).
  1490 | D:2      | 1490 ||| Stepping ~*~*~tactically~*~*~ (hiding).
  1493 | D:2      | 1493 ||| Stepping ~*~*~tactically~*~*~ (hiding).
  1494 | D:2      | 1494 ||| Stepping ~*~*~tactically~*~*~ (hiding).
  1502 | D:2      | Killed Jessica
  1712 | D:2      | Noticed a scorpion
  1720 | D:2      | Killed a scorpion
  1721 | D:2      | Reached XP level 5. HP: 29/32 MP: 5/5
  1734 | D:2      | Noticed Sigmund
  1750 | D:2      | Killed Sigmund
  1751 | D:2      | Reached XP level 6. HP: 22/40 MP: 6/6
  2056 | D:2      | 2056 ||| UPGRADING to +1 helmet.
  2061 | D:2      | 2061 ||| UPGRADING to ring of positive energy.
  2062 | D:2      | 2062 ||| READING 2 scrolls labelled ISIDEC ETSOBE.
  2063 | D:2      | 2063 ||| READING scroll labelled OSIC ZOHARAOZ.
  2087 | D:2      | 2087 ||| DRINKING 2 sapphire potions.
  2088 | D:2      | 2088 ||| DROPPING scroll of immolation.
  2121 | D:3      | 2121 ||| DROPPING +0 mace of draining.
  2122 | D:3      | 2122 ||| DROPPING +0 whip.
  2196 | D:3      | 2196 ||| Stepping ~*~*~tactically~*~*~ (stealth).
  2198 | D:3      | 2198 ||| Stepping ~*~*~tactically~*~*~ (stealth).
  2216 | D:3      | 2216 ||| Stepping ~*~*~tactically~*~*~ (hiding).
  2487 | D:3      | Found a hazy altar of Hepliaklqana.
  2489 | D:3      | 2489 ||| Stepping ~*~*~tactically~*~*~ (stealth).
  2493 | D:3      | 2493 ||| Stepping ~*~*~tactically~*~*~ (stealth).
  2886 | D:3      | 2886 ||| DROPPING orb of wrath.
  2887 | D:3      | 2887 ||| READING scroll labelled BOMUIZOYDI.
  2888 | D:3      | 2888 ||| DRINKING 2 grey potions.
  2889 | D:3      | 2889 ||| READING 5 scrolls of identify.
  2889 | D:3      | 2889 ||| IDENTIFYING murky yellow potion
  2890 | D:3      | 2890 ||| READING 4 scrolls of identify.
  2890 | D:3      | 2890 ||| IDENTIFYING sedimented emerald potion
  2891 | D:3      | 2891 ||| READING 3 scrolls of identify.
  2891 | D:3      | 2891 ||| IDENTIFYING green potion
  2892 | D:3      | 2892 ||| DROPPING potion of berserk rage.
  2922 | D:4      | 2922 ||| PLANNING OSSUARY
  2949 | D:4      | 2949 ||| Stepping ~*~*~tactically~*~*~ (hiding).
  3017 | D:4      | HP: 9/40 [ogre/+0 giant club (25)]
  3018 | D:4      | 3018 ||| READING scroll of teleportation.
  3018 | D:4      | Mangled by an ogre

Levels and vault maps discovered:
D:1:      ncdulo_lavacross, layout_basic, minmay_misc_feat_more_columns
D:2:      minmay_evil_eye, layout_basic, uniq_sigmund, uniq_robin, uniq_jessica
D:3:      layout_loops_cross, lemuel_round_altar, dreamdust_mushroom_princess
D:4:      layout_cave_pools, enter_ossuary_5, minmay_between

Skill      XL: |  1  2  3  4  5 |
---------------+----------------+-----
Axes           | 2 3 5 |  5.0
Fighting       | 5 |  5.1
Armour         | |  3.2
Dodging        | |  0.9
Shields        | |  3.2

Action                     |  1- 3 |  4- 6 || total
---------------------------+-------+-------++-------
  Melee: War axe           |   114 |   109 ||   223
    Use: Scroll            |     4 |     7 ||    11
         Potion            |       |     2 ||     2
 Armour: Scale mail        |    49 |    42 ||    91
  Dodge: Dodged            |    40 |    46 ||    86
  Block: Buckler           |    21 |    30 ||    51

Table legend:
 A = Non-vault XP
 B = Vault XP
 C = Vault XP percentage of total XP
 D = Non-vault monster count
 E = Vault monster count
 F = Vault count percentage of total count
                 A         B        C        D         E       F
            +---------+---------+-------+---------+---------+-------
      Total |     215 |     288 |  57.3 |      59 |      15 |  20.3
            +---------+---------+-------+---------+---------+-------
        D:1 |      38 |       0 |   0.0 |      21 |       0 |   0.0
        D:2 |     134 |     288 |  68.2 |      21 |      15 |  41.7
        D:3 |      37 |       0 |   0.0 |      13 |       0 |   0.0
        D:4 |       6 |       0 |   0.0 |       4 |       0 |   0.0
            +---------+---------+-------+---------+---------+-------
